 Dungeon Crawl Stone Soup version 0.29.0-10-g45618ea6d2 (webtiles) character file.

Game seed: 11621581432414750167

324 Flugkiller the Chopper (level 6, -5/56 HPs)
             Began as a Minotaur Fighter on Sept 1, 2022.
             Slain by a gnoll
             ... wielding a +0 halberd
             ... led by a gnoll bouda
              (11 damage)
             ... on level 4 of the Dungeon.
             The game lasted 00:01:28 (2808 turns).

Flugkiller the Chopper (Minotaur Fighter)           Turns: 2808, Time: 00:01:28

Health: -5/56      AC: 12    Str: 26    XL:     6   Next: 23%
Magic:  5/5        EV: 10    Int:  5    God:
Gold:   108        SH:  4    Dex: 12    Spells: 5/5 levels left

rFire   . . .      SeeInvis .   a - +0 war axe
rCold   . . .      Faith    +   z - +0 buckler
rNeg    . . .      Spirit   .   n - +0 plate armour
rPois   .          Reflect  .   (helmet restricted)
rElec   .          Harm     .   (no cloak)
rCorr   .          Rampage  .   (no gloves)
Will    .....                   (no boots)
Stlth   ..........              s - amulet of faith
HPRegen 0.18/turn               e - +6 ring of strength
MPRegen 0.09/turn               v - +4 ring of evasion

@: mighty, weakened, attractive
A: horns 2, retaliatory headbutt
a: no special abilities


You were on level 4 of the Dungeon.
You visited 1 branch of the dungeon, and saw 4 of its levels.

You collected 108 gold pieces.

Inventory:

Hand Weapons
 a - a +0 war axe (weapon)
Missiles
 h - 8 boomerangs (quivered)
 x - 2 silver boomerangs
Armour
 b - a +0 scale mail
 n - a +0 plate armour (worn)
   (You found it on level 2 of the Dungeon)
 z - a +0 buckler (worn)
Jewellery
 c - a ring of protection from cold
   (You found it on level 4 of the Dungeon)
 e - a +6 ring of strength (left hand)
   (You found it on level 1 of the Dungeon)
 s - an amulet of faith (around neck)
   (You found it on level 3 of the Dungeon)
 v - a +4 ring of evasion (right hand)
   (You found it on level 2 of the Dungeon)
Scrolls
 f - 3 scrolls of identify {unknown}
 j - 2 scrolls of immolation {unknown}
 k - a scroll of blinking {unknown}
 l - 2 scrolls of amnesia {unknown}
 o - a scroll of noise {unknown}
 p - a scroll of magic mapping {unknown}
 q - a scroll of vulnerability {unknown}
 y - a scroll of enchant armour {unknown}
Potions
 g - a potion of cancellation {unknown}
 i - a potion of heal wounds {unknown}
 m - a potion of mutation {unknown}
 r - a potion of attraction
 t - a potion of flight {unknown}
 u - a potion of curing {unknown}
 w - a potion of invisibility {unknown}


   Skills:
 + Level 5.2 Fighting
 * Level 5.9 Axes
 + Level 5.3 Armour
 - Level 3.6 Shields


You had 5 spell levels left.
You didn't know any spells.
Your spell library was empty.

Dungeon Overview and Level Annotations

Branches:
Dungeon (4/15)
 Temple: D:4-7

Altars:


Innate Abilities, Weirdness & Mutations

You have a pair of horns on your head.
You reflexively headbutt those who attack you in melee.


Message History

You kill the scorpion!
You closely miss the gnoll.
You feel sick. The gnoll misses you.
You have reached level 6!
You slash the gnoll! Your headbutt misses the gnoll.
The gnoll is severely wounded.
You feel sick. The gnoll hits you with a +0 flail. x2
You slash the gnoll!
You kill the gnoll!
You feel sick.
A gnoll comes into view. It is wielding a +0 club.
You feel sick.
You are no longer poisoned.
The gnoll shouts!
You hear a shout!
An endoplasm comes into view.
A gnoll bouda comes into view. It is wielding a +0 club.
Things that are here:
a +0 flail; a gnoll corpse The gnoll bouda shouts!
You hear a shout!
A gnoll comes into view. It is wielding a +0 flail.
The gnoll bouda gazes fiercely through you!
You feel your attacks grow feeble.
The gnoll shouts!
A gnoll comes into view. It is wielding a +0 halberd.
The gnoll closely misses you. You furiously retaliate!
You headbutt the gnoll, but do no damage.
There are monsters nearby!
You hit the gnoll.
The gnoll is lightly wounded.
You hit the endoplasm.
Your attacks no longer feel as feeble.
You block the gnoll's attack.
The endoplasm hits you but does no damage.
The endoplasm freezes you.
You are frozen.
The gnoll hits you with a +0 club.
You slash the endoplasm!
You kill the endoplasm!
You slash the gnoll! The gnoll closely misses you.
The gnoll bouda attacks as you move away!
The gnoll bouda barely misses you. The gnoll attacks as you move away!
You block the gnoll's attack.
The gnoll bouda barks out a call to the hunt!
The gnolls pick up the pace!
The gnoll bouda calls upon its god to heal the gnoll.
The gnoll is healed somewhat.
You see here a hobgoblin corpse.
The gnoll closely misses you.
A gnoll comes into view. It is wielding a +0 club.
The gnoll attacks as you move away! The gnoll hits you but does no damage.
The gnoll closely misses you. The gnoll attacks as you move away!
You block the gnoll's attack.
The gnoll shouts!
The gnoll attacks as you move away! The gnoll hits you with a +0 club.
The gnoll hits you but does no damage. The gnoll attacks as you move away!
The gnoll hits you with a +0 flail. The gnoll attacks as you move away!
The gnoll hits you with a +0 club. The gnoll hits you but does no damage.
The gnoll hits you but does no damage.
There is a stone staircase leading up here.
The gnoll attacks as you move away! The gnoll barely misses you.
You are too injured to fight recklessly!
You are too injured to fight recklessly!
You are too injured to fight recklessly!
You barely miss the gnoll. Your headbutt misses the gnoll.
You closely miss the gnoll.
The gnoll is no longer moving quickly. x2
The gnoll hits you with a +0 flail. The gnoll barely misses you.
The gnoll closely misses you. The gnoll hits you with a +0 flail.
You slash the gnoll!
You kill the gnoll!
You slash the gnoll! You block the gnoll's attack.
The gnoll hits you from afar with a +0 halberd!
* * * LOW HITPOINT WARNING * * *
It was a potion of attraction.
You feel attractive to monsters. You block the gnoll's attack.
You feel very mighty all of a sudden. The gnoll closely misses you. x2
The gnoll bouda is attracted toward you.
You slash the gnoll bouda!
The gnoll bouda is moderately wounded.
You slash the gnoll!
You kill the gnoll!
You completely miss the gnoll.
The gnoll bouda barks out a call to the hunt!
The gnoll picks up the pace!
The gnoll hits you but does no damage.
The gnoll hits you from afar with a +0 halberd.
* * * LOW HITPOINT WARNING * * *
You barely miss the gnoll bouda.
The gnoll bouda is moderately wounded.
You barely miss the gnoll.
The gnoll is no longer moving quickly.
The gnoll bouda gazes fiercely through you!
You feel your attacks grow feeble. The gnoll bouda barely misses you.
You furiously retaliate!
You headbutt the gnoll bouda. The gnoll misses you.
The gnoll closely misses you. You block the gnoll bouda's attack.
You closely miss the gnoll bouda. You headbutt the gnoll bouda.
The gnoll bouda is severely wounded.
You hit the gnoll. The gnoll barely misses you.
The gnoll hits you from afar with a +0 halberd!
You die...

#..# ########..#
.##..####.........#
........<.######..#
###........# #..#
#..#####.# #..#
###..# #.# #..#
.....# #.# #..#
###..#####.#####g.#
.....†.........g@.#
...).....)....g)..#
###.##.###.########
#.##.# #.# #.##.#
#.# #.##.# #.#
...... ..# ######
###


You could see a gnoll bouda and 2 gnolls.

Vanquished Creatures
  A scorpion (D:4)
  3 adders
  13 gnolls
  A white imp (D:4)
  2 worms (D:3)
  4 dart slugs
  An orc (D:3)
  6 ball pythons
  8 endoplasms
  2 giant cockroaches
  7 goblins
  19 hobgoblins
  9 jackals
  A kobold (D:1)
  A quokka (D:1)
  2 bats
  4 frilled lizards
  6 rats
90 creatures vanquished.

Notes
Turn   | Place    | Note
-------+----------+-------------------------------------------
     0 | D:1      | Flugkiller the Minotaur Fighter began the quest for the
                  | Orb.
     0 | D:1      | Reached XP level 1. HP: 19/19 MP: 0/0
    32 | D:1      | You fall into a shaft and drop 1 floor!
    82 | D:1      | Reached XP level 2. HP: 20/27 MP: 1/1
   509 | D:1      | Reached XP level 3. HP: 33/33 MP: 2/2
  1411 | D:2      | Reached XP level 4. HP: 35/41 MP: 3/3
  2093 | D:3      | Reached XP level 5. HP: 47/47 MP: 4/4
  2190 | D:3      | Reached skill level 5 in Axes
  2262 | D:3      | Found a faded altar of an unknown god.
  2722 | D:4      | Reached skill level 5 in Armour
  2767 | D:4      | Reached skill level 5 in Fighting
  2778 | D:4      | Reached XP level 6. HP: 46/56 MP: 5/5
  2808 | D:4      | Slain by a gnoll

Illustrated notes

Levels and vault maps discovered:
D:1:      amcnicky_arrival_abandoned_market, layout_basic, chequers_garden
D:2:      layout_basic
D:3:      minmay_door_path, layout_rooms, nicolae_ecumenical_lake_church,
          supply_closet_lemuel, serial_park_tiny_2
D:4:      layout_loops_ring, fedhas_altar_2, minitemple,
          minmay_temple_entry_poolview

Skill      XL: |  1  2  3  4  5 |
---------------+----------------+-----
Axes           | 3 4 5 |  5.9
Armour         | 4 5 |  5.3
Fighting       | 4 5 |  5.2
Shields        | |  3.6

Action                   |  1- 3 |  4- 6 || total
-------------------------+-------+-------++-------
Melee: War axe           |    77 |    88 ||   165
       Headbutt          |     5 |    15 ||    20
  Use: Potion            |       |     2 ||     2
Armor: Scale mail        |    29 |       ||    29
       Plate armour      |    11 |    33 ||    44
Dodge: Dodged            |    36 |    64 ||   100
Block: Buckler           |    25 |    25 ||    50
